[Event "Team 45 45 League T93"]
[Site "Internet Chess Club"]
[Date "2022.08.18"]
[Round "6"]
[White "kasraei"]
[Black "fileman"]
[Result "1/2-1/2"]
[WhiteElo "1733"]
[BlackElo "1804"]
[Opening "Queen's pawn: Lundin (Kevitz-Mikenas) defense"]
[ECO "A40"]
[Time "16:06:54"]
[PlyCount "164"]
[TimeControl "2700+45"]

1. d4 Nc6 2. Bf4 d6 3. e3 f6 4. c3 e5 5. Bg3 Nh6 6. d5 Ne7 7. e4 g6 8. c4 Bg7 9.
Nc3 Nf7 10. Bd3 O-O 11. Nge2 f5 12. f3 b6 13. O-O a5 14. a3 Bd7 15. b4 axb4 16.
axb4 Rxa1 17. Qxa1 Qa8 18. b5 fxe4 19. Nxe4 Nf5 20. Bf2 Rb8 21. N2c3 h6 22. Qb2
Qb7 23. Na2 Ra8 24. Nb4 Ra7 25. Ra1 Qa8 26. Rxa7 Qxa7 27. Qa2 Qxa2 28. Nxa2 Kf8
29. Nb4 Ke8 30. Nc3 g5 31. Na4 Kd8 32. Nc6+ Bxc6 33. Bxf5 Bd7 34. Bg6 Nh8 35.
Be4 Nf7 36. g4 Kc8 37. Bg6 Nd8 38. Kf1 Nb7 39. Ke2 Na5 40. Kd3 Nb3 41. Be3 Nc5+
42. Nxc5 bxc5 43. Ke4 Kd8 44. Bf5 Be8 45. Bd2 Bf6 46. Ba5 Bg7 47. Bh7 Bd7 48.
Bg8 Bf8 49. Be6 Be8 50. Kf5 Bg7 51. Be1 Ke7 52. h4 Bf6 53. h5 Bg7 54. Bd2 Bh8
55. Bxg5+ hxg5 56. Kxg5 Bg7 57. Kh4 Kf6 58. g5+ Ke7 59. Kg4 Bh8 60. Bf5 Bf7 61.
h6 Be8 62. g6 Kf6 63. g7 Bxg7 64. hxg7 Kxg7 65. Kg5 Bf7 66. Be6 Bg6 67. Bf5 Bxf5
68. Kxf5 Kf7 69. Ke4 Kg6 70. f4 exf4 71. Kxf4 Kf6 72. Ke4 Kg5 73. Ke3 Kg4 74.
Ke4 Kg5 75. Ke3 Kg4 76. Ke4 Kg5 77. Ke3 Kf5 78. Kf3 Ke5 79. Ke3 Kf5 80. Kf3 Ke5
81. Ke3 Kf5 82. Kf3 Ke5 {Game drawn by repetition} 1/2-1/2

[Event "Team 45 45 League T93"]
[Site "Internet Chess Club"]
[Date "2022.08.20"]
[Round "6"]
[White "MrAbendroth"]
[Black "hipopotamos"]
[Result "0-1"]
[WhiteElo "1668"]
[BlackElo "1750"]
[Opening "Ruy Lopez: Schliemann defense, Berger variation"]
[ECO "C63"]
[Time "15:00:40"]
[PlyCount "78"]
[TimeControl "2700+45"]

1. e4 e5 2. Nf3 Nc6 3. Bb5 f5 4. Nc3 fxe4 5. Nxe4 d5 6. Nxe5 dxe4 7. Nxc6 Qg5 8.
Qe2 Nf6 9. Nxa7+ c6 10. Nxc6 Bd7 11. Nd4 Qxg2 12. Qf1 Qg4 13. Bxd7+ Nxd7 14. Rg1
Qh5 15. Qg2 Ra4 16. c3 Nc5 17. d3 Nxd3+ 18. Kd2 Qe5 19. Qg3 Qf6 20. Qb8+ Kf7 21.
Qxb7+ Be7 22. Qd5+ Kf8 23. Qf5 Ra6 24. Rg5 g6 25. Qxf6+ Rxf6 26. Rg2 Bd6 27. Kc2
Ne1+ 28. Kb3 Nxg2 29. Bg5 Rxf2 30. Rd1 Be7 31. Bh6+ Kf7 32. Nc6 Ke6 33. Bg7 Rc8
34. Bd4 e3 35. Nxe7 Kxe7 36. Rd3 Rb8+ 37. Kc4 Rfxb2 38. Bxe3 Nxe3+ 39. Rxe3+ Kf6
{White resigns} 0-1

[Event "Team 45 45 League T93"]
[Site "Internet Chess Club"]
[Date "2022.08.20"]
[Round "6"]
[White "Insan996"]
[Black "Redman1"]
[Result "1/2-1/2"]
[WhiteElo "1593"]
[BlackElo "1643"]
[Opening "QGD Slav defense: exchange variation"]
[ECO "D13"]
[Time "14:00:46"]
[PlyCount "80"]
[TimeControl "2700+45"]

1. d4 d5 2. c4 c6 3. cxd5 cxd5 4. Nc3 Nf6 5. Nf3 Nc6 6. Bf4 a6 7. Ne5 g6 8. h3
Bg7 9. e3 O-O 10. Nxc6 bxc6 11. Bd3 Re8 12. O-O Nd7 13. Rc1 e5 14. dxe5 Nxe5 15.
Bb1 Be6 16. Na4 Rc8 17. Nc5 Qb6 18. b3 Nd7 19. Bd6 Nxc5 20. Bxc5 Qb7 21. Bd3 Bf8
22. Qe2 Ra8 23. Bxf8 Kxf8 24. Rc5 a5 25. Rfc1 Bd7 26. Qc2 Qb4 27. Qb2 Kg8 28.
Qf6 Red8 29. Qe7 a4 30. e4 axb3 31. axb3 Qxb3 32. R5c3 Qb6 33. Rc5 dxe4 34. Bxe4
Rac8 35. Qf6 Be8 36. Bd5 Qb7 37. Be4 Qb6 38. g3 Qb7 39. Kh2 Qb6 40. Bd5 Qb7
{Game drawn by mutual agreement} 1/2-1/2

[Event "Team 45 45 League T93"]
[Site "Internet Chess Club"]
[Date "2022.08.19"]
[Round "6"]
[White "LoseOften"]
[Black "fireball"]
[Result "0-1"]
[WhiteElo "1581"]
[BlackElo "1588"]
[Opening "French: MacCutcheon variation"]
[ECO "C12"]
[Time "13:01:25"]
[PlyCount "70"]
[TimeControl "2700+45"]

1. e4 e6 2. d4 d5 3. Nc3 Nf6 4. Bg5 Bb4 5. Ne2 h6 6. Bxf6 Qxf6 7. exd5 exd5 8.
a3 Bxc3+ 9. Nxc3 c6 10. Qd2 O-O 11. O-O-O Bf5 12. f3 b5 13. g4 Bh7 14. h4 Qxf3
15. Bg2 Qxg4 16. Rdg1 Qe6 17. h5 Nd7 18. Bh3 f5 19. Re1 Qf6 20. Rhg1 Rae8 21.
Ref1 Nb6 22. b3 a5 23. Rf2 b4 24. axb4 axb4 25. Ne2 c5 26. Rfg2 Re7 27. Rg6 Bxg6
28. Rxg6 Qh4 29. Bg2 Rf6 30. Qxh6 Rxg6 31. Qxg6 Qe1+ 32. Kb2 Qxe2 33. dxc5 Qe5+
34. Kb1 Ra7 35. Bxd5+ Nxd5 {White resigns} 0-1

[Event "Team 45 45 League T93"]
[Site "Internet Chess Club"]
[Date "2022.08.20"]
[Round "6"]
[White "ElValero"]
[Black "bobhill"]
[Result "1-0"]
[WhiteElo "1734"]
[BlackElo "1852"]
[Opening "English: symmetrical variation"]
[ECO "A38"]
[Time "10:01:28"]
[PlyCount "99"]
[TimeControl "2700+45"]

1. Nf3 c5 2. c4 Nc6 3. Nc3 g6 4. g3 Bg7 5. Bg2 Nf6 6. d4 cxd4 7. Nxd4 O-O 8. O-O
Nxd4 9. Qxd4 d6 10. Qd2 Rb8 11. b3 Bd7 12. Bb2 a6 13. Nd5 Nxd5 14. Bxg7 Kxg7 15.
Bxd5 Bc6 16. Rac1 e6 17. Bg2 Qe7 18. Qd4+ Kg8 19. Rfd1 Rfd8 20. e4 e5 21. Qb6 h5
22. Rd2 h4 23. Rcd1 hxg3 24. hxg3 Rd7 25. b4 Ba4 26. Rc1 Rdd8 27. Rc3 Rbc8 28.
Bf1 Bc6 29. Bg2 Kg7 30. Rcd3 Qg5 31. c5 Bb5 32. Rxd6 Rxd6 33. Qxd6 Rc6 34. Qd8
Qh6 35. Qd5 Rf6 36. Qd8 Re6 37. Rd1 Qh5 38. Qd5 Bc6 39. Qd3 g5 40. Qf3 Qh6 41.
Qf5 Re8 42. Rd6 f6 43. Bh3 Rh8 44. Rd7+ Kf8 45. Rd8+ Be8 46. Rxe8+ Kxe8 47. Qc8+
Kf7 48. Qxb7+ Kg6 49. Bf5+ Kh5 50. Qf7+ {Black resigns} 1-0

[Event "Team 45 45 League T93"]
[Site "Internet Chess Club"]
[Date "2022.08.20"]
[Round "6"]
[White "Portola"]
[Black "ZenoElea"]
[Result "0-1"]
[WhiteElo "1589"]
[BlackElo "1760"]
[Opening "Queen's pawn game, Darooha variation "]
[ECO "D02"]
[Time "16:00:36"]
[PlyCount "98"]
[TimeControl "2700+45"]

1. d4 d5 2. Nf3 Nf6 3. c3 Bf5 4. Bg5 Nbd7 5. Nbd2 h6 6. Bh4 e6 7. e3 Bd6 8. Be2
O-O 9. O-O c5 10. Qb3 Qc7 11. Bg3 Bxg3 12. hxg3 a6 13. a4 a5 14. Rfe1 Rfc8 15.
Rac1 c4 16. Qa2 Ne4 17. Nb1 Ndf6 18. Ne5 Ne8 19. Red1 f6 20. Nf3 N8d6 21. Nfd2
Ng5 22. b3 Qc6 23. bxc4 dxc4 24. f3 Bg6 25. Nf1 Be8 26. Qa3 Ngf7 27. Nbd2 Qxa4
28. Qb2 Qb5 29. Qa2 Qa6 30. e4 e5 31. dxe5 fxe5 32. Ne3 b5 33. Nd5 Qa7+ 34. Kh2
Bc6 35. Nf1 Bxd5 36. Rxd5 b4 37. Qa4 b3 38. Rb1 Qf2 39. Rb2 Qb6 40. g4 Qc6 41.
Qa3 Nb5 42. Rxb5 Qxb5 43. Ne3 Qc5 44. Qxc5 Rxc5 45. Nxc4 a4 46. Nb6 a3 47. Nxa8
axb2 48. Bd3 Rxc3 49. Bb1 Rc1 {White resigns} 0-1

[Event "Team 45 45 League T93"]
[Site "Internet Chess Club"]
[Date "2022.08.21"]
[Round "6"]
[White "Rookmaster"]
[Black "mongmong"]
[Result "1-0"]
[WhiteElo "1518"]
[BlackElo "1483"]
[Opening "French: advance, Milner-Barry gambit"]
[ECO "C02"]
[Time "18:03:27"]
[PlyCount "41"]
[TimeControl "2700+45"]

1. e4 e6 2. d4 d5 3. e5 c5 4. c3 Nc6 5. Nf3 Qb6 6. Bd3 Bd7 7. O-O cxd4 8. Re1
dxc3 9. Nxc3 a6 10. Be3 d4 11. Nxd4 Nxd4 12. Bc2 Bc5 13. Ne4 Nf3+ 14. gxf3 Bxe3
15. Rxe3 O-O-O 16. Nd6+ Kb8 17. Rb3 Bb5 18. a4 Rxd6 19. exd6 Nf6 20. axb5 axb5
21. Rba3 {Black resigns} 1-0

[Event "Team 45 45 League T93"]
[Site "Internet Chess Club"]
[Date "2022.08.20"]
[Round "6"]
[White "LookImYourVader"]
[Black "fishhead"]
[Result "1-0"]
[WhiteElo "1811"]
[BlackElo "1729"]
[Opening "Sicilian: Smith-Morra gambit"]
[ECO "B21"]
[Time "15:01:13"]
[PlyCount "147"]
[TimeControl "2700+45"]

1. e4 c5 2. d4 e6 3. c3 Qc7 4. Nf3 d6 5. Bf4 Nd7 6. Bd3 Ngf6 7. O-O Be7 8. Re1
e5 9. Bg3 c4 10. Bf1 Nh5 11. Qa4 Nxg3 12. hxg3 O-O 13. Qxc4 Qb8 14. dxe5 dxe5
15. Nbd2 Qd6 16. Qd5 Qf6 17. Nc4 Nb6 18. Nxb6 Qxb6 19. Qxe5 Bc5 20. Nd4 Bd7 21.
b4 Bd6 22. Qh5 g6 23. Qh6 Be5 24. Qe3 Rac8 25. Rac1 Rc7 26. f4 Bg7 27. e5 Re8
28. Nb3 Qxe3+ 29. Rxe3 f6 30. Nc5 Bc6 31. Bc4+ Kh8 32. Ne6 Rce7 33. Nxg7 Kxg7
34. exf6+ Kxf6 35. Rxe7 Rxe7 36. Kf2 Rd7 37. Re1 Rd2+ 38. Re2 Rd1 39. Re6+ Kf5
40. Re5+ Kf6 41. Re2 Rc1 42. b5 Bd7 43. Re3 Rc2+ 44. Kf3 h5 45. Bb3 Bg4+ 46. Ke4
Rxg2 47. Kd5 Rd2+ 48. Kc5 Bd7 49. Kb4 Rf2 50. Bd5 b6 51. a4 h4 52. gxh4 Rxf4+
53. c4 Rxh4 54. Rg3 g5 55. a5 g4 56. axb6 axb6 57. Bc6 Be6 58. c5 bxc5+ 59. Kxc5
Rh5+ 60. Kd6 Bf5 61. b6 Kg5 62. b7 Rh8 63. Kc7 Rh7+ 64. Kb6 Rh8 65. Ka7 Kf4 66.
Rg1 Ke3 67. Rf1 Bd3 68. Rg1 Be2 69. Bd7 Kf2 70. Rc1 Bf3 71. Rc8 Rh1 72. b8=Q
Ra1+ 73. Kb6 Rb1+ 74. Bb5 {Black resigns} 1-0

[Event "Team 45 45 League T93"]
[Site "Internet Chess Club"]
[Date "2022.08.22"]
[Round "6"]
[White "fvafier"]
[Black "walkover"]
[Result "1/2-1/2"]
[WhiteElo "1517"]
[BlackElo "1690"]
[Opening "Réti: King's Indian attack, French variation"]
[ECO "A06"]
[Time "14:00:33"]
[PlyCount "63"]
[TimeControl "2700+45"]

1. Nf3 d5 2. d3 Nf6 3. g3 c5 4. Bg2 Nc6 5. Nbd2 e6 6. O-O Be7 7. e4 O-O 8. Re1
b5 9. e5 Ne8 10. b3 b4 11. h4 Nc7 12. a4 bxa3 13. Bxa3 Nb5 14. Bb2 Nb4 15. Nf1
Bb7 16. N1h2 a5 17. h5 d4 18. Ng4 Nd5 19. Qd2 Nbc3 20. Bxc3 dxc3 21. Qe2 Qc8 22.
Ne3 Nxe3 23. fxe3 h6 24. Nh4 Bxh4 25. Bxb7 Qxb7 26. gxh4 Qe7 27. Qg4 f6 28. exf6
Rxf6 29. Rf1 Raf8 30. Rxf6 Qxf6 31. Qg3 Qf5 32. Rxa5 {Game drawn by mutual
agreement} 1/2-1/2

[Event "Team 45 45 League T93"]
[Site "Internet Chess Club"]
[Date "2022.08.21"]
[Round "6"]
[White "BlueStorm"]
[Black "julesraider"]
[Result "0-1"]
[WhiteElo "1344"]
[BlackElo "1643"]
[Opening "Queen's bishop game"]
[ECO "D02"]
[Time "19:00:33"]
[PlyCount "116"]
[TimeControl "2700+45"]

1. d4 Nf6 2. Nf3 d5 3. Bf4 e6 4. e3 a6 5. Bd3 c5 6. c3 Nc6 7. O-O Be7 8. Nbd2
Nh5 9. Bg3 Nxg3 10. fxg3 O-O 11. e4 cxd4 12. exd5 Qxd5 13. Be4 Qd7 14. Bxc6 bxc6
15. cxd4 c5 16. Nc4 Rb8 17. Rc1 Bb7 18. Nce5 Qd5 19. Kh1 f6 20. Nc4 Rbd8 21.
dxc5 Bxc5 22. Qxd5 Rxd5 23. Na5 Ba8 24. Nb3 Bb6 25. Rfd1 Rfd8 26. Rxd5 Bxd5 27.
Rd1 Kf7 28. Nc1 e5 29. b3 Ke6 30. Ne2 Rc8 31. Re1 g5 32. Ned4+ Kf7 33. Nf5 Rd8
34. h4 Be6 35. g4 gxh4 36. N3xh4 Bf2 37. Rc1 Bxh4 38. Rc7+ Rd7 39. Rxd7+ Bxd7
40. Nxh4 Bxg4 41. Kh2 Bd1 42. b4 Ke6 43. Kg3 Bc2 44. Kf2 Kd5 45. Ke3 Kc4 46. a3
Kb3 47. Kd2 Be4 48. Ke3 f5 49. g4 Kxa3 50. gxf5 Bd5 51. f6 Kxb4 52. Nf5 a5 53.
Kd2 h5 54. Nh6 h4 55. f7 Bxf7 56. Nxf7 h3 57. Nxe5 h2 58. Nc6+ Kb5 {White
resigns} 0-1

[Event "Team 45 45 League T93"]
[Site "Internet Chess Club"]
[Date "2022.08.18"]
[Round "6"]
[White "Ajolote"]
[Black "timcent"]
[Result "1-0"]
[WhiteElo "2031"]
[BlackElo "1867"]
[Opening "Sicilian: Nimzovich-Rossolimo attack (without ...d6)"]
[ECO "B30"]
[Time "13:06:59"]
[PlyCount "83"]
[TimeControl "2700+45"]

1. e4 c5 2. Nf3 Nc6 3. Bb5 Nf6 4. Nc3 g6 5. e5 Ng4 6. Bxc6 dxc6 7. h3 Nh6 8. d3
Nf5 9. O-O Nd4 10. Ne4 b6 11. a4 Bg7 12. a5 Be6 13. Re1 O-O 14. Neg5 Bd5 15.
Nxd4 cxd4 16. e6 f6 17. Nf7 Qc7 18. Qg4 c5 19. Nh6+ Kh8 20. h4 Qc6 21. Nf7+ Kg8
22. h5 f5 23. Qh3 Bxe6 24. hxg6 hxg6 25. Ng5 Rf6 26. axb6 Qxb6 27. Bf4 Kf8 28.
Be5 Bg8 29. Bxf6 exf6 30. Qf3 Rc8 31. Qe2 Qc7 32. Ne6+ Bxe6 33. Qxe6 f4 34. Ra6
f3 35. Rd6 Rd8 36. Rxd8+ Qxd8 37. gxf3 Bh6 38. Qc6 Bf4 39. Qxc5+ Kg8 40. Qc6 Qa5
41. Re8+ Kg7 42. Qd7+ {Black resigns} 1-0

[Event "Team 45 45 League T93"]
[Site "Internet Chess Club"]
[Date "2022.08.20"]
[Round "6"]
[White "Alec-hine"]
[Black "Davidorcinus"]
[Result "1-0"]
[WhiteElo "1734"]
[BlackElo "1776"]
[Opening "Dutch defense"]
[ECO "A91"]
[Time "15:00:26"]
[PlyCount "60"]
[TimeControl "2700+45"]

1. d4 f5 2. g3 Nf6 3. Bg2 e6 4. c4 Be7 5. Nc3 d6 6. e4 Nc6 7. exf5 exf5 8. Nge2
O-O 9. O-O Bd7 10. Nf4 Qe8 11. Re1 Qf7 12. Ncd5 Bd8 13. h4 Kh8 14. b3 Rb8 15.
Bb2 Ne7 16. Nxf6 Qxf6 17. Qc2 Qf7 18. Bf3 c6 19. d5 Ng6 20. Nh5 Ne5 21. Rxe5
dxe5 22. Bxe5 Bf6 23. Nxf6 gxf6 24. Bxb8 Rxb8 25. dxc6 bxc6 26. Qd2 Rg8 27. Rd1
Be8 28. Qf4 Qe6 29. Rd6 Qe1+ 30. Kg2 Qg1+ {Black resigns} 1-0

[Event "Team 45 45 League T93"]
[Site "Internet Chess Club"]
[Date "2022.08.22"]
[Round "6"]
[White "burlap"]
[Black "vollmerj"]
[Result "1-0"]
[WhiteElo "1419"]
[BlackElo "1435"]
[Opening "Queen's pawn: London system"]
[ECO "A45"]
[Time "21:00:22"]
[PlyCount "139"]
[TimeControl "2700+45"]

1. d4 Nf6 2. Bf4 g6 3. e3 Bg7 4. Bd3 O-O 5. h3 c5 6. c3 cxd4 7. exd4 Qb6 8. Qb3
Qxb3 9. axb3 a6 10. Nf3 d6 11. O-O Nc6 12. Re1 Be6 13. Nbd2 Nh5 14. Bh2 Bh6 15.
g4 Nf4 16. Bf1 Nd5 17. c4 Ndb4 18. d5 Nc2 19. dxe6 fxe6 20. Rab1 Nxe1 21. Rxe1
e5 22. g5 Bg7 23. Bg3 Kh8 24. Bg2 Rf5 25. h4 Raf8 26. Nh2 Rc8 27. Bh3 Nd4 28.
Bxf5 gxf5 29. f3 Nc2 30. Rc1 Nd4 31. Kf1 Rf8 32. Bf2 Ne6 33. Be3 Rc8 34. Kf2 Rf8
35. Ke2 Rc8 36. Nb1 Nd8 37. Nc3 Kg8 38. h5 f4 39. Bb6 Ne6 40. Rg1 Rc6 41. Nd5
Kf7 42. g6+ hxg6 43. hxg6+ Ke8 44. Bf2 b5 45. Kd3 bxc4+ 46. bxc4 Nf8 47. Nb4 Rc8
48. Nxa6 e6 49. c5 dxc5 50. Nxc5 Rb8 51. b3 Rd8+ 52. Kc4 Rc8 53. b4 Ke7 54. Bh4+
Ke8 55. Kb3 Rc6 56. Ne4 Nd7 57. Ra1 Nb6 58. Ra7 Bf8 59. g7 Bxg7 60. Rxg7 Nd5 61.
b5 Rb6 62. Ka4 Ne3 63. Bf2 Kf8 64. Rh7 Kg8 65. Nf6+ Kf8 66. Nhg4 Rd6 67. Bxe3
fxe3 68. Nxe5 Rd4+ 69. Ka5 e2 70. Ng6# {Black checkmated} 1-0

[Event "Team 45 45 League T93"]
[Site "Internet Chess Club"]
[Date "2022.08.21"]
[Round "6"]
[White "evan7284"]
[Black "walkover"]
[Result "1/2-1/2"]
[WhiteElo "1556"]
[BlackElo "1698"]
[Opening "Queen's pawn: London system"]
[ECO "A45"]
[Time "14:30:46"]
[PlyCount "98"]
[TimeControl "2700+45"]

1. d4 Nf6 2. Bf4 d5 3. e3 c5 4. c3 Nc6 5. Nd2 Bd7 6. Bd3 Bf5 7. Bxf5 e6 8. Bd3
h6 9. h3 cxd4 10. exd4 Be7 11. Ngf3 a6 12. Ne5 Rc8 13. O-O O-O 14. Qf3 Qb6 15.
Rab1 a5 16. g4 Rfd8 17. g5 hxg5 18. Bxg5 Nxe5 19. dxe5 Ne4 20. Be3 Nxd2 21. Bxd2
g6 22. Be3 Qc7 23. Qg3 Kg7 24. Bg5 Rh8 25. Bf6+ Bxf6 26. exf6+ Kxf6 27. Qxc7
Rxc7 28. Kg2 e5 29. f3 Ke6 30. Rbd1 f5 31. Bc2 Rc5 32. Bb3 b5 33. a3 Rb8 34. Rd2
a4 35. Ba2 Rb6 36. Rfd1 Rd6 37. Kg3 g5 38. h4 f4+ 39. Kg4 gxh4 40. Kxh4 Kf5 41.
Bb1+ Kf6 42. Rg1 Rd8 43. Rg6+ Kf7 44. Rg5 Kf6 45. Kg4 Rh8 46. Re2 Rh1 47. Rf5+
Kg7 48. Bc2 Rg1+ 49. Kh4 Rh1+ {Game drawn by mutual agreement} 1/2-1/2

[Event "Team 45 45 League T93"]
[Site "Internet Chess Club"]
[Date "2022.08.22"]
[Round "6"]
[White "ARMAND02019"]
[Black "WillC"]
[Result "1/2-1/2"]
[WhiteElo "1607"]
[BlackElo "1548"]
[Opening "Scandinavian: Icelandic gambit"]
[ECO "B01"]
[Time "20:01:03"]
[PlyCount "143"]
[TimeControl "2700+45"]

1. e4 d5 2. exd5 Nf6 3. c4 e6 4. dxe6 Bxe6 5. d3 Bb4+ 6. Bd2 Bxd2+ 7. Qxd2 Qe7
8. Be2 c5 9. Nc3 Nc6 10. Nf3 Rd8 11. b3 O-O 12. O-O Rfe8 13. Bd1 Bf5 14. Re1 Qd7
15. Rxe8+ Qxe8 16. Bc2 Nb4 17. Re1 Qf8 18. Ne5 Nd7 19. Nxd7 Rxd7 20. Re3 Qd8 21.
Qe2 Kf8 22. Bb1 Nxd3 23. Nd5 Nf4 24. Qf3 Nxd5 25. Bxf5 Nxe3 26. Bxd7 Qxd7 27.
fxe3 g6 28. Qd5 Qe7 29. Kf2 Qf6+ 30. Kg3 Qe7 31. e4 h5 32. h4 f6 33. Kf3 Kg7 34.
g3 Qc7 35. a3 b6 36. g4 hxg4+ 37. Kxg4 Qc8+ 38. Kf4 Qh3 39. Qb7+ Kh6 40. Qxa7
Qxh4+ 41. Kf3 Qh3+ 42. Ke2 Qxb3 43. Qa6 g5 44. a4 g4 45. a5 bxa5 46. Qxf6+ Kh5
47. Qh8+ Kg5 48. Qg7+ Kf4 49. Qc7+ Kxe4 50. Qxc5 Qd3+ 51. Ke1 g3 52. Qc6+ Ke3
53. Qe6+ Kf3 54. Qf6+ Kg2 55. Qc6+ Qf3 56. Qe6 a4 57. Kd2 a3 58. Qa6 a2 59. c5
Qd5+ 60. Kc2 Qxc5+ 61. Kb2 Qf2+ 62. Kb3 Qf3+ 63. Kxa2 Qf2+ 64. Kb3 Kh1 65. Qh6+
Qh2 66. Qc1+ Qg1 67. Qh6+ Kg2 68. Kc2 Qf2+ 69. Kd3 Kf1 70. Qh1+ Qg1 71. Qf3+ Qf2
72. Qh1+ {Game drawn by mutual agreement} 1/2-1/2

[Event "Team 45 45 League T93"]
[Site "Internet Chess Club"]
[Date "2022.08.19"]
[Round "6"]
[White "RD1974"]
[Black "jfkingiii"]
[Result "1-0"]
[WhiteElo "1590"]
[BlackElo "1494"]
[Opening "Queen's gambit declined"]
[ECO "D30"]
[Time "18:00:44"]
[PlyCount "81"]
[TimeControl "2700+45"]

1. d4 d5 2. c4 e6 3. Nf3 Nf6 4. g3 Bb4+ 5. Bd2 Be7 6. Bg2 O-O 7. O-O c6 8. c5 b6
9. b4 a5 10. Qc2 axb4 11. Bxb4 bxc5 12. Bxc5 Bb7 13. Ne5 Bxc5 14. Qxc5 Qc7 15.
Nd3 Nbd7 16. Qc2 Rfc8 17. Nd2 Ba6 18. Nb3 Bxd3 19. exd3 c5 20. Rfc1 Ra7 21. dxc5
Nxc5 22. Qxc5 Qxc5 23. Rxc5 Rac7 24. Rxc7 Rxc7 25. Rc1 Rxc1+ 26. Nxc1 Kf8 27. f4
Ke7 28. Kf2 Kd6 29. Nb3 Nd7 30. d4 Nb6 31. Bf1 Nc4 32. a4 Kc6 33. Bd3 g6 34. g4
Nb2 35. Bb5+ Kb6 36. Be8 Nd1+ 37. Kf3 Nc3 38. a5+ Ka6 39. Bxf7 Nb5 40. Bxe6
Nxd4+ 41. Nxd4 {Black resigns} 1-0

[Event "Team 45 45 League T93"]
[Site "Internet Chess Club"]
[Date "2022.08.19"]
[Round "6"]
[White "xingon"]
[Black "ChessMaine"]
[Result "1/2-1/2"]
[WhiteElo "1295"]
[BlackElo "1428"]
[Opening "QGD: Lasker defense, Teichmann variation"]
[ECO "D56"]
[Time "20:01:04"]
[PlyCount "88"]
[TimeControl "2700+45"]

1. d4 d5 2. c4 e6 3. Nf3 Nf6 4. Bg5 Be7 5. Nc3 O-O 6. e3 h6 7. Bh4 Ne4 8. Bxe7
Qxe7 9. Qc2 Nxc3 10. Qxc3 a6 11. Bd3 dxc4 12. Qxc4 b5 13. Qc2 Bb7 14. Be4 Qb4+
15. Qd2 Qxd2+ 16. Nxd2 Bxe4 17. Nxe4 Nd7 18. Rc1 Rfc8 19. Ke2 c6 20. Nc5 Ra7 21.
Rc2 Nxc5 22. Rxc5 Rac7 23. Rhc1 Kf8 24. e4 Ke7 25. d5 exd5 26. exd5 Kd6 27. dxc6
Rxc6 28. Rxc6+ Rxc6 29. Rxc6+ Kxc6 30. Kd3 Kd5 31. Kc3 a5 32. h4 h5 33. b3 g6
34. a3 Kc5 35. Kd3 Kd5 36. f4 f6 37. g3 f5 38. Ke3 b4 39. axb4 axb4 40. Kd3 Kc5
41. Ke3 Kd5 42. Kd3 Kc5 43. Ke3 Kd5 44. Kd3 Kc5 {Game drawn by repetition}
1/2-1/2

[Event "Team 45 45 League T93"]
[Site "Internet Chess Club"]
[Date "2022.08.20"]
[Round "6"]
[White "scostanzo212"]
[Black "Chess4Him"]
[Result "1-0"]
[WhiteElo "1571"]
[BlackElo "1472"]
[Opening "QGD Slav: Dutch variation"]
[ECO "D18"]
[Time "11:00:40"]
[PlyCount "87"]
[TimeControl "2700+45"]

1. d4 d5 2. c4 c6 3. Nf3 Nf6 4. Nc3 dxc4 5. a4 Bf5 6. e3 Nbd7 7. Bxc4 e6 8. O-O
Bb4 9. Qb3 a5 10. Nh4 Be4 11. Nxe4 Nxe4 12. Nf3 O-O 13. Bxe6 Nd6 14. Bxd7 Qxd7
15. Ne5 Qf5 16. Qd3 Qe6 17. b3 f6 18. Nc4 Qe4 19. Qxe4 Nxe4 20. f3 Nc3 21. Bb2
Rfe8 22. Bxc3 Bxc3 23. Rac1 Bb4 24. e4 Rad8 25. Rfd1 b5 26. Nb6 c5 27. axb5 Rxd4
28. Rxd4 cxd4 29. Rc8 Kf7 30. Rxe8 Kxe8 31. Nc4 d3 32. Kf2 d2 33. Ke2 Kd7 34.
Nxd2 Bxd2 35. Kxd2 Kd6 36. b6 Kc6 37. Kc3 Kxb6 38. Kc4 Kc6 39. f4 f5 40. exf5 h6
41. g4 Kb6 42. g5 hxg5 43. fxg5 Kc6 44. f6 {Black resigns} 1-0

[Event "Team 45 45 League T93"]
[Site "Internet Chess Club"]
[Date "2022.08.18"]
[Round "6"]
[White "BlueStorm"]
[Black "Signofthetimes"]
[Result "0-1"]
[WhiteElo "1476"]
[BlackElo "1521"]
[Opening "Caro-Kann: closed (Breyer) variation"]
[ECO "B10"]
[Time "10:00:39"]
[PlyCount "42"]
[TimeControl "2700+45"]

1. e4 c6 2. d3 d5 3. Nd2 a6 4. g3 g6 5. Bg2 Bg7 6. Ngf3 Bg4 7. O-O e6 8. h3 Bxf3
9. Nxf3 Qb6 10. e5 Ne7 11. c3 c5 12. Qe2 O-O 13. h4 Nd7 14. Bf4 Nc6 15. Rfe1 Qc7
16. Rac1 b5 17. d4 cxd4 18. cxd4 Rfc8 19. Qd2 Qd8 20. a3 Na5 21. Rxc8 Rxc8
{White resigns} 0-1

[Event "Team 45 45 League T93"]
[Site "Internet Chess Club"]
[Date "2022.08.17"]
[Round "6"]
[White "Kingofknights"]
[Black "Ostap-Bender"]
[Result "1-0"]
[WhiteElo "1481"]
[BlackElo "1195"]
[Opening "Nimzo-Indian: 4.e3 O-O, 5.Bd3"]
[ECO "E47"]
[Time "18:00:42"]
[PlyCount "89"]
[TimeControl "2700+45"]

1. d4 Nf6 2. c4 e6 3. Nc3 Bb4 4. e3 O-O 5. Bd3 c5 6. Ne2 cxd4 7. exd4 d5 8. O-O
Nc6 9. Bg5 h6 10. Bh4 Be7 11. a3 Qb6 12. c5 Qc7 13. Bg3 Qd7 14. h3 b6 15. cxb6
axb6 16. Rc1 Ba6 17. Bxa6 Rxa6 18. Qd3 Raa8 19. Qb5 Qb7 20. Nxd5 Nxd5 21. Qxc6
Qxc6 22. Rxc6 Rfc8 23. Rfc1 Rxc6 24. Rxc6 Kf8 25. Nf4 Nxf4 26. Bxf4 Rd8 27. Rxb6
Rxd4 28. Rb8+ Bd8 29. Bc7 Rd1+ 30. Kh2 Ke8 31. b4 Ke7 32. Bxd8+ Rxd8 33. Rxd8
Kxd8 34. a4 Kc7 35. a5 Kc6 36. a6 Kb6 37. b5 e5 38. g4 g5 39. h4 f6 40. hxg5
hxg5 41. f3 Ka7 42. Kg2 Kb6 43. Kf2 Ka7 44. Ke3 Kb6 45. Ke4 {Black resigns} 1-0

[Event "Team 45 45 League T93"]
[Site "Internet Chess Club"]
[Date "2022.08.21"]
[Round "6"]
[White "stantheman59"]
[Black "tightfist"]
[Result "0-1"]
[WhiteElo "1138"]
[BlackElo "1409"]
[Opening "Queen's gambit declined"]
[ECO "D30"]
[Time "18:01:25"]
[PlyCount "96"]
[TimeControl "2700+45"]

1. d4 e6 2. c4 d5 3. cxd5 exd5 4. Nf3 Nf6 5. Bg5 Be7 6. Nc3 O-O 7. Bd2 c6 8. h3
Bf5 9. Qb3 Qc7 10. Nh4 Be6 11. O-O-O Ne4 12. Nf3 Nxf2 13. Rh2 Nxd1 14. Qxd1 Nd7
15. g4 Bd6 16. Rg2 Rae8 17. Ng5 Bf4 18. Nxe6 Bxd2+ 19. Qxd2 fxe6 20. Rg1 Qf4 21.
e3 Qf2 22. Qxf2 Rxf2 23. Bd3 Ref8 24. Nd1 Rh2 25. Rf1 Rxh3 26. Rxf8+ Kxf8 27. b4
Nf6 28. Nf2 Rh2 29. g5 Rxf2 30. gxf6 Rxf6 31. Bxh7 g6 32. Bxg6 Rxg6 33. a4 Rg2
34. Kb1 Re2 35. b5 cxb5 36. axb5 Rxe3 37. b6 axb6 38. Kc2 Ke7 39. Kd2 Rh3 40.
Ke2 Kd6 41. Kd2 e5 42. dxe5+ Kxe5 43. Ke2 Kd4 44. Kf2 Kc3 45. Kg2 Rd3 46. Kf2 d4
47. Ke2 Re3+ 48. Kf2 b5 {White resigns} 0-1

[Event "Team 45 45 League T93"]
[Site "Internet Chess Club"]
[Date "2022.08.20"]
[Round "6"]
[White "kabindra"]
[Black "Electryon"]
[Result "1-0"]
[WhiteElo "1583"]
[BlackElo "1438"]
[Opening "French: advance, Euwe variation"]
[ECO "C02"]
[Time "13:31:22"]
[PlyCount "91"]
[TimeControl "2700+45"]

1. e4 e6 2. d4 d5 3. e5 c5 4. c3 Nc6 5. Nf3 Bd7 6. Bd3 cxd4 7. cxd4 Qb6 8. O-O
Nxd4 9. Nbd2 Bc5 10. Nxd4 Bxd4 11. Nf3 Ne7 12. a4 Nc6 13. a5 Qc7 14. Bf4 Bxb2
15. Rb1 Ba3 16. Ng5 h6 17. Qh5 Bc8 18. a6 O-O 19. axb7 Bxb7 20. Rb3 Be7 21. Nh7
Rfe8 22. Nf6+ Bxf6 23. Bb1 Bxe5 24. Bc1 Ba6 25. Re1 Bc4 26. Rf3 a5 27. g4 Rab8
28. Bxh6 Rxb1 29. Rxb1 gxh6 30. Qxh6 Bg7 31. Qh5 Ne5 32. Rh3 Bd3 33. Rf1 Bg6 34.
Qh4 Qe7 35. Qg3 Ra8 36. f4 Nc4 37. f5 Be5 38. Qd3 exf5 39. gxf5 Qg5+ 40. Kh1 Bh7
41. Rg1 Qxg1+ 42. Kxg1 a4 43. Qxd5 a3 44. Qxa8+ Kg7 45. Qg2+ Kf6 46. Rxh7 {Black
resigns} 1-0